 Dungeon Crawl Stone Soup version 0.31.0-10-gcf4a605ca0 (webtiles) character file.

Game seed: 15587476686162450527

18 Zeor the Ducker (level 2, -3/23 HPs)
             Began as a Merfolk Gladiator on Jan 25, 2024.
             Slain by Terence
             ... wielding a +2 falchion of protection
              (8 damage)
             ... on level 2 of the Dungeon.
             The game lasted 00:01:48 (823 turns).

Zeor the Ducker (Merfolk Gladiator)                  Turns: 823, Time: 00:01:49

Health: -3/23      AC:  4    Str: 14    XL:     2   Next: 70%
Magic:  2/2        EV: 13    Int:  7    God:
Gold:   36         SH:  0    Dex: 15    Spells: 1/1 levels left

rFire   + . .        a - +0 long sword
rCold   + . .        (no shield)
rNeg    . . .        b - +0 leather armour
rPois   +            c - +0 helmet
rElec   +            (no cloak)
rCorr   +            (no gloves)
SInv    .            (no boots)
Will    +....        (no amulet)
Stlth   +            (no ring)
HPRegen 0.23/turn    (no ring)
MPRegen 0.08/turn

%: no passive effects
@: resistant, enlightened, flying
A: (nimble swimmer 2), mertail
a: no special abilities


You were on level 2 of the Dungeon.
You visited 1 branch of the dungeon, and saw 2 of its levels.

You collected 36 gold pieces.

Inventory:

Hand Weapons
 a - a +0 long sword (weapon)
Missiles
 d - 3 throwing nets (quivered)
 e - a javelin
Armour
 b - a +0 leather armour (worn)
 c - a +0 helmet (worn)
Jewellery
 i - a ring of flight
Scrolls
 f - a scroll of fear {unknown}
 g - a scroll of vulnerability {unknown}
 j - 2 scrolls of identify {unknown}


   Skills:
 * Level 2.4 Fighting
 + Level 4.0 Long Blades
 * Level 2.0 Throwing
 + Level 4.5 Dodging


You had one spell level left.
You didn't know any spells.
Your spell library was empty.

Dungeon Overview and Level Annotations

Branches:
Dungeon (2/15)

Altars:

Annotations:
D:2 Terence


Innate Abilities, Weirdness & Mutations

((You are very nimble when in or above water. (Stealth+, EV+, Speed+++)))
Your lower body shifts to a powerful aquatic tail in water.


Message History

You climb downwards.
Found 7 stones and 9 gold pieces.
There is a stone staircase leading up here.
You now have 20 gold pieces (gained 9).
k - a bubbling sapphire potion You now have 36 gold pieces (gained 16).
j - 2 scrolls labelled JEHUTT OZITEAN (gained 1)
Found a stone staircase leading down.
Terence the Incautious comes into view.
He is wielding a +2 falchion of protection.
Found 10 gold pieces.
Terence shouts!
A bat comes into view.
The bat misses you. The bat hits you but does no damage.
You hit the bat but do no damage. The bat barely misses you.
You closely miss the bat. The bat barely misses you.
The bat hits you but does no damage.
You barely miss the bat. The bat hits you but does no damage.
You barely miss Terence.
Terence hits you with a +2 falchion of protection!
You hit Terence.
Terence is lightly wounded.
Terence closely misses you.
Terence hits you with a +2 falchion of protection!
You are too injured to fight recklessly!
You hit Terence but do no damage.
Terence is lightly wounded.
Terence hits you with a +2 falchion of protection.
* * * LOW HITPOINT WARNING * * *
It was a potion of enlightenment.
You feel very buoyant.
You fly up into the air.
Terence closely misses you.
You hit Terence.
Terence is moderately wounded.
Terence misses you.
It was a potion of resistance.
You feel protected.
Terence hits you with a +2 falchion of protection!
You die...
Terence says, "Time to find some more victims."

∙∙∙∙∙∙∙▒∙▒∙∙▒∙▒
∙∙∙∙▒∙▒∙▒∙▒∙∙▒∙▒∙∙ ∙∙∙ ▒
▒∙▒∙∙∙∙▒∙▒∙▒
∙∙∙∙▒∙▒∙▒∙∙∙∙▒∙▒∙▒
∙∙∙▒∙▒∙▒∙▒∙∙▒∙▒∙▒▒▒
▒∙∙∙∙∙▒∙▒∙∙▒∙▒∙▒∙∙
▒∙▒∙∙∙▒▒▒∙▒∙∙▒∙▒∙▒∙▒
▒∙▒∙∙∙∙∙∙∙▒∙∙▒∙▒∙▒∙▒▒▒▒▒
∙∙▒∙∙∙∙∙∙∙∙∙∙▒∙▒m▒∙▒∙∙∙
∙∙∙∙∙∙∙∙∙∙▒▒∙▒∙▒@▒∙▒∙▒▒
∙∙∙∙∙∙∙∙∙∙∙∙∙▒∙▒b∙∙∙∙∙▒
∙∙∙∙∙∙∙∙∙∙∙∙∙∙∙∙∙∙∙∙∙∙▒
∙∙∙∙∙∙∙∙∙∙▒▒▒▒▒▒▒∙∙∙∙∙▒
▒▒∙∙∙∙∙▒▒▒▒▒▒▒▒▒▒∙∙∙∙∙▒▒
▒▒∙∙∙∙∙▒ ▒∙∙∙∙∙∙∙∙∙∙∙▒
∙(∙∙∙∙∙▒ ▒∙∙∙∙∙∙∙∙∙∙∙▒
▒▒∙∙∙∙∙▒ ▒∙∙∙@∙>∙∙∙∙∙▒


You could see Terence and a bat.

Vanquished Creatures
  6 ball pythons (D:1)
  An endoplasm (D:1)
  2 goblins (D:1)
  3 jackals (D:1)
  A bat (D:1)
  A kobold (D:1)
  3 rats (D:1)
17 creatures vanquished.

Notes
Turn   | Place    | Note
-------+----------+-------------------------------------------
     0 | D:1      | Zeor the Merfolk Gladiator began the quest for the Orb.
     0 | D:1      | Reached XP level 1. HP: 16/16 MP: 1/1
   109 | D:1      | Reached XP level 2. HP: 22/22 MP: 2/2
   807 | D:2      | Noticed Terence
   823 | D:2      | Slain by Terence

Illustrated notes

Levels and vault maps discovered:
D:1:      minmay_arrival_split_and_join, layout_loops_ring
D:2:      layout_basic, basic_altar, st_stairs_1, kennysheep_generic_room_4,
          uniq_terence

Skill      XL: |  1  2 |
---------------+-------+-----
Long Blades    | 4 |  4.0
Fighting       | |  2.4
Throwing       | |  2.0
Dodging        | |  4.5

Action                     || total
---------------------------++-------
  Melee: Long sword        ||    49
    Use: Potion            ||     2
   Stab: Sleeping          ||     2
 Armour: Leather armour    ||    31
  Dodge: Dodged            ||    38
